 Dungeon Crawl Stone Soup version 0.31-a0-744-gbc345e7fcb (webtiles) character file.

Game seed: 15119676168744302184

365 croobank the Ruffian (level 6, -1/50 HPs)
             Began as a Demigod Shapeshifter on Sept 13, 2023.
             Slain by Pikel
             ... wielding a +2 whip of flaming
              (4 damage)
             ... on level 5 of the Dungeon.
             The game lasted 00:12:35 (3805 turns).

croobank the Ruffian (Demigod Shapeshifter)         Turns: 3805, Time: 00:12:36

Health: -1/50      AC:  2    Str: 13 (14) XL:     6   Next: 16%
Magic:  2/8        EV: 12    Int: 21 (24) God:
Gold:   245        SH:  0    Dex: 10 (12) Spells: 2/5 levels left

rFire   + .          .
                       - Unarmed
rCold   . . .        (no shield)
rNeg    . . .        a - +0 animal skin
rPois   .            (helmet currently unavailable)
rElec   .            (cloak currently unavailable)
rCorr   .            (gloves currently unavailable)
SInv    .            (boots currently unavailable)
Will    .....        (no amulet)
Stlth   +            m - ring of wizardry
HPRegen 0.28/turn    (no ring)
MPRegen 0.11/turn

%: wizardry (x1)
@: brilliant, beast-form, weak-willed
A: beast (slay +2), high MP 1, forlorn, divine attributes, horns 1, clever 1,
fire resistance 1, inability to drink after injury 1
a: Begin Untransformation


You were on level 5 of the Dungeon.
You were a hulking beast.
You visited 1 branch of the dungeon, and saw 5 of its levels.

You collected 245 gold pieces.

Inventory:

Hand Weapons
 e - a +0 dagger
Missiles
 i - 9 poisoned darts (quivered)
Armour
 a - a +0 animal skin (worn)
 h - a +0 ring mail
 l - a +2 helmet
 n - the +18 shield of the Gong {Loud rN+ Will+ rCorr EV-5}
   (You found it on level 2 of the Dungeon)

   Loud:      It is deafeningly noisy when blocking attacks.
   EV-5:      It affects your evasion (-5).
   rN+:       It protects you from negative energy.
   Will+:     It increases your willpower.
   rCorr:     It protects you from acid and corrosion.
Jewellery
 m - a ring of wizardry (left hand)
Talismans
 c - a beast talisman (active)
 d - a flux talisman
Scrolls
 f - a scroll of noise {unknown}
 j - a scroll of silence {unknown}
 k - a scroll of torment {unknown}
 r - a scroll of immolation {unknown}
Potions
 g - a potion of degeneration
 o - a potion of haste {unknown}
 p - a potion of brilliance
 s - a potion of berserk rage {unknown}


   Skills:
 + Level 2.9 Fighting
 + Level 3.3 Dodging
 + Level 4.0 Unarmed Combat
 + Level 3.9 Shapeshifting


You had 2 spell levels left.
You knew the following spells:

 Your Spells              Type           Power      Damage    Failure   Level
a - Mephitic Cloud        Conj/Pois/Air  0%         N/A       21%         3

Your spell library contained the following spells:

 Spells                   Type           Power      Damage    Failure   Level
 Apportation              Tloc           0%         N/A       8%          1
 Magic Dart               Conj           0%         1d3       8%          1
 Necrotise                Necr           0%         1d4       8%          1
 Summon Small Mammal      Summ           0%         N/A       8%          1
 Blink                    Tloc           0%         N/A       11%         2
 Call Imp                 Summ           0%         N/A       11%         2
 Manifold Assault         Tloc           0%         N/A       54%         4


Dungeon Overview and Level Annotations

Branches:
Dungeon (5/15)             Temple (0/1) D:4

Annotations:
D:5 Pikel


Innate Abilities, Weirdness & Mutations

You are a hulking beast.
Your limbs bulge with bestial killing power. (Slay +2)
You have an increased reservoir of magic. (+10% MP)
You shall have no god before yourself.
Your divine heritage dramatically boosts your attributes as you level up.
You have a pair of small horns on your head.
Your mind is acute. (Int +4, Str/Dex -1)
Your flesh is heat resistant. (rF+)
You occasionally lose the ability to drink potions when taking damage.


Message History

Okay, then.
Okay, then.
You hit Pikel but do no damage.
Pikel hits you with a +2 whip of flaming.
You hit Pikel. Your headbutt misses Pikel.
Pikel is lightly wounded.
Pikel hits you with a +2 whip of flaming.
You hit Pikel. You headbutt Pikel.
Pikel is moderately wounded.
Pikel hits you with a +2 whip of flaming!
* * * LOW HITPOINT WARNING * * *
You feel better.
Pikel hits you with a +2 whip of flaming.
Okay, then.
Okay, then.
Pikel is nearby!
Casting: Mephitic Cloud (dangerous; 17% risk of failure)
Confirm with . or Enter, or press ? or * to list all spells.
You don't have enough magic to cast this spell.
It was a potion of degeneration.
There was something very wrong with that liquid.
You feel weakened.
You feel dopey.
You feel clumsy.
Pikel zaps a wand.
The puff of flame hits you. You resist.
* * * LOW HITPOINT WARNING * * *
It was a potion of brilliance.
You feel clever all of a sudden.
Pikel says, "You'll make a fine lemure."
Pikel hits you with a +2 whip of flaming!
* * * LOW HITPOINT WARNING * * *
Pikel burns you.
* * * LOW HITPOINT WARNING * * *
Casting: Mephitic Cloud (dangerous; 21% risk of failure)
Confirm with . or Enter, or press ? or * to list all spells.
You don't have enough magic to cast this spell.
Unknown command.
As you read the scroll labelled WOBROOMNYQA, it crumbles to dust.
Magic quickly surges around you.
It was a scroll of vulnerability.
Pikel hits you with a +2 whip of flaming.
You die...
Pikel says, "See you in Hell!"

### ##.## ##.[.##
#####.....##
#..........#
#.)...# ##.hK.#
##... ##.#.# #...#
###.# #..<# #.#
#...# #K# #...####
#.#######.......
####.##............
#........o.K.......
#.##.##............


You could see Pikel (weak-willed).

Vanquished Creatures
  A black bear (D:3)
  A hound (D:4)
  Jessica (D:2)
  An iguana (D:4)
  Robin (D:2)
  7 adders
  An ufetubus (D:4)
  3 worms
  4 dart slugs
  7 orcs
  4 ball pythons
  5 endoplasms
  2 giant cockroaches
  16 goblins
  12 hobgoblins
  7 jackals
  9 kobolds
  A quokka (D:1)
  6 bats
  3 frilled lizards
  A rat (D:1)
93 creatures vanquished.

Notes
Turn   | Place    | Note
-------+----------+-------------------------------------------
     0 | D:1      | croobank the Demigod Shapeshifter began the quest for the
                  | Orb.
     0 | D:1      | Reached XP level 1. HP: 15/15 MP: 3/3
    24 | D:1      | Reached skill level 1 in Fighting
   186 | D:1      | Reached XP level 2. HP: 23/23 MP: 4/4
   481 | D:1      | Reached skill level 3 in Unarmed Combat
   622 | D:1      | Reached XP level 3. HP: 28/28 MP: 5/5
   986 | D:2      | Found the +18 shield of the Gong {Loud rN+ Will+ rCorr
                  | EV-5}
  1068 | D:2      | Noticed Robin
  1102 | D:2      | Killed Robin
  1112 | D:2      | Noticed Jessica
  1115 | D:2      | Gained mutation: You have a pair of small horns on your
                  | head. [potion of mutation]
  1115 | D:2      | Gained mutation: You occasionally lose the ability to drink
                  | potions when taking damage. [potion of mutation]
  1115 | D:2      | Gained mutation: Your mind is acute. (Int +4, Str/Dex -1)
                  | [potion of mutation]
  1115 | D:2      | Gained mutation: Your flesh is heat resistant. (rF+)
                  | [potion of mutation]
  1121 | D:2      | Reached XP level 4. HP: 5/36 MP: 6/6
  1133 | D:2      | Killed Jessica
  1134 | D:2      | HP: 1/36 [goblin/+0 club (3)]
  1827 | D:3      | Noticed a black bear
  1874 | D:3      | Killed a black bear
  1875 | D:3      | Reached XP level 5. HP: 25/42 MP: 7/7
  2641 | D:4      | Found a staircase to the Ecumenical Temple.
  2650 | D:4      | Reached skill level 4 in Unarmed Combat
  2650 | D:4      | Reached XP level 6. HP: 40/50 MP: 8/8
  2657 | D:4      | Learned a level 3 spell: Mephitic Cloud
  3718 | D:5      | Entered Level 5 of the Dungeon
  3761 | D:5      | Noticed Pikel
  3805 | D:5      | Slain by Pikel

Illustrated notes

Levels and vault maps discovered:
D:1:      noname_arrival_rooms_in_the_neighbourhood, layout_loops_cross,
          basic_ecumenical_altar
D:2:      layout_loops_cross, uniq_jessica, uniq_robin
D:3:      layout_rooms, nicolae_half_adder
D:4:      layout_layer_cave, grunt_dithmenos_smoke_and_mirrors,
          minmay_temple_entry_trees, st_stairs_8, minmay_misc_feat_enclosed
D:5:      layout_loops_cross, mainiacjoe_overflow_six_doors_small, serial_shops,
          shop, grunt_ministairs_13, uniq_eustachio, uniq_pikel

Skill      XL: |  1  2  3  4  5 |
---------------+----------------+-----
Fighting       | 1 2 |  2.9
Dodging        | 2 3 |  3.3
Unarmed Combat | 3 4 |  4.0
Shapeshifting  | 3 |  3.9

Action                     |  1- 3 |  4- 6 || total
---------------------------+-------+-------++-------
  Melee: Unarmed           |   153 |   129 ||   282
         Punch             |     2 |     2 ||     4
         Headbutt          |       |    22 ||    22
  Throw: Dart              |       |     4 ||     4
   Cast: Mephitic Cloud    |       |     9 ||     9
    Use: Potion            |     5 |     6 ||    11
         Scroll            |       |     1 ||     1
   Stab: Sleeping          |     1 |       ||     1
         Confused          |       |     2 ||     2
 Armour: Animal skin       |    71 |    67 ||   138
         Skin              |     8 |    11 ||    19
  Dodge: Dodged            |    72 |    56 ||   128
  Block: Kite shield       |    77 |    38 ||   115

Table legend: (Time is in decaauts)
 A = Elapsed time spent in this place.
 B = Non-inter-level travel time spent in this place.
 C = Inter-level travel time spent in this place.
 D = Time resting spent in this place.
 E = Time spent auto-exploring this place.
 F = Levels seen in this place.
 G = Mean time per level.
                   A        B        C        D        E       F      G
               +--------+--------+--------+--------+--------+-----+--------+
         Total |   3799 |   3677 |    122 |    524 |   2326 |   5 |  759.8 |
       Dungeon |   3799 |   3677 |    122 |    524 |   2326 |   5 |  759.8 |
               +--------+--------+--------+--------+--------+-----+--------+

Top non-repeatable levels by time:
     D:4: 1151 daAuts
     D:2: 959 daAuts
     D:1: 895 daAuts
     D:3: 706 daAuts
     D:5: 85 daAuts
